 Dungeon Crawl Stone Soup version 0.26.0-7-g794d0892b4 (webtiles) character file.

Game seed: 251920990298973734

529 lessens the Slasher (level 7, -3/41 HPs)
             Began as a Tengu Abyssal Knight on Jan 11, 2021.
             Was a Priest of Lugonu.
             Killed by divine providence
             ... invoked by an orc priest
              (13 damage)
             ... on level 5 of the Dungeon.
             The game lasted 00:05:45 (4148 turns).

lessens the Slasher (Tengu Abyssal Knight)          Turns: 4148, Time: 00:05:45

Health: -3/41      AC:  6    Str: 14    XL:     7   Next: 23%
Magic:  10/10      EV: 15    Int: 13    God:    Lugonu [***...]
Gold:   209        SH:  0    Dex: 13    Spells: 6/6 levels left

rFire    . . .     SeeInvis .   a - +1 falchion
rCold    . . .     Faith    .   (no shield)
rNeg     . . .     Spirit   .   v - +0 scale mail
rPois    +         Reflect  .   (helmet restricted)
rElec    .         Harm     .   (no cloak)
rCorr    .         Rampage  .   (no gloves)
Will     .....                  (boots unavailable)
Stlth    ..........             (no amulet)
HPRegen  0.13/turn              k - ring of poison resistance
MPRegen  0.12/turn              l - +4 ring of evasion

@: flying quickly and evasively, quick
A: beak, talons 3, able to fly
a: Stop Flying, Renounce Religion, Depart the Abyss, Bend Space, Banish


You were on level 5 of the Dungeon.
You worshipped Lugonu.
Lugonu was most pleased with you.
You visited 1 branch of the dungeon, and saw 5 of its levels.
You visited the Abyss 1 time.

You collected 209 gold pieces.

Inventory:

Hand Weapons
 a - a +1 falchion (weapon)
Missiles
 c - 179 stones
Armour
 b - a +0 leather armour
 v - a +0 scale mail (worn)
Jewellery
 i - an uncursed ring of magical power
 k - a ring of poison resistance (left hand)
 l - a +4 ring of evasion (right hand)
Scrolls
 d - a scroll of fear {unknown}
 g - 4 scrolls of remove curse
 j - 3 scrolls of magic mapping {unknown}
 m - a scroll of blinking {unknown}
 n - 2 scrolls of teleportation {unknown}
 p - a scroll of amnesia {unknown}
 r - a scroll of enchant weapon {unknown}
Potions
 f - a potion of resistance
 h - a potion of cancellation
 o - 2 potions of curing
 s - 2 potions of mutation
 t - 2 potions of lignification
 u - a potion of flight {unknown}


   Skills:
 - Level 3.0 Fighting
 * Level 7.7 Long Blades
 - Level 2.1 Armour
 - Level 1.1 Dodging
 + Level 3.2 Invocations


You had 6 spell levels left.
You didn't know any spells.
Your spell library was empty.

Dungeon Overview and Level Annotations

Branches:
Dungeon (5/15)
 Temple: D:4-7

Altars:
Qazlal
Sif Muna
Trog
Xom

Annotations:
D:3 3 runed translucent doors, Demosthentine's ghost, amateur FoFi; SirFunk's ghost, amateur DrIE


Innate Abilities, Weirdness & Mutations

You have a beak for a mouth.
You have claws for feet.
You can fly continuously.


Message History

The orc hits you but does no damage.
The orc priest hits you with a +0 hand axe.
You barely miss the orc priest. You peck the orc priest.
The orc priest is heavily wounded.
The ufetubus hits you. The ufetubus closely misses you.
An orc wizard comes into view. It is wielding a +0 dagger.
The orc misses you.
An orc comes into view.
The ufetubus misses you.
You riposte.
You closely miss the ufetubus. The ufetubus closely misses you.
The orc hits you but does no damage.
The orc priest calls down the wrath of Beogh upon you.
Beogh smites you!
* * * LOW HITPOINT WARNING * * *
The ufetubus hits you.
* * * LOW HITPOINT WARNING * * *
The ufetubus hits you.
* * * LOW HITPOINT WARNING * * *
The orc priest invokes the aid of Beogh against you.
Beogh smites you!
You die...

.......
.##..........###.. #
..!...........#... #.
#.o.............
#..#.............. #.
#.......o.......####...
......o...o.....†......
.......)o.oo...<....#
#.....Zo.5@.......#
##......o.........#
#.##.............#
#...........###..#
#..#..........# .... ..
##.....##..# .... .
##.....#....##...
#......##"... #...###..
.....


You could see an orc priest, an orc wizard, 7 orcs, an ufetubus and a leopard
gecko skeleton.

Vanquished Creatures
  A phantom (D:4)
  3 hounds
  2 orc wizards (D:4)
  A jelly (D:1)
  A bullfrog skeleton (D:4)
  An iguana (D:4)
  2 worker ants
  5 adders
  3 oozes (D:1)
  2 worms
  2 dart slugs
  2 leopard geckos
  9 orcs
  2 bats (D:1)
  5 giant cockroaches (D:1)
  6 hobgoblins
  8 jackals (D:1)
  11 frilled lizards
  11 goblins
  10 kobolds
  2 leopard gecko skeletons (D:4)
  A quokka skeleton (D:4)
  10 rats
100 creatures vanquished.

Notes
Turn   | Place    | Note
-------+----------+-------------------------------------------
     0 | Abyss:1  | lessens the Tengu Abyssal Knight began the quest for the
                  | Orb.
     0 | Abyss:1  | Reached XP level 1. HP: 14/14 MP: 3/3
    26 | D:1      | Escaped the Abyss
    28 | D:1      | Found a runed translucent door.
   170 | D:1      | Reached XP level 2. HP: 14/19 MP: 4/4
   251 | D:1      | Reached skill level 3 in Long Blades
   986 | D:1      | Reached XP level 3. HP: 20/23 MP: 5/5
   988 | D:1      | Reached ** piety under Lugonu
   990 | D:1      | Reached skill level 4 in Long Blades
  1005 | D:1      | Reached XP level 4. HP: 18/28 MP: 6/6
  1021 | D:1      | Reached skill level 5 in Long Blades
  2075 | D:2      | Found a stormy altar of Qazlal.
  2079 | D:2      | You fall into a shaft and drop 1 floor!
  2095 | D:3      | Gained mutation: You can fly continuously. [Tengu growth]
  2095 | D:3      | Reached XP level 5. HP: 31/32 MP: 7/7
  2332 | D:3      | Reached *** piety under Lugonu
  2482 | D:3      | Found a runed translucent gate.
  2485 | D:3      | Found a runed translucent gate.
  2486 | D:3      | Found a runed translucent gate.
  2496 | D:3      | Noticed SirFunk's ghost (amateur DrIE)
  2496 | D:3      | Noticed Demosthentine's ghost (amateur FoFi)
  2688 | D:3      | Reached skill level 6 in Long Blades
  2737 | D:3      | Found an iron altar of Okawaru.
  2739 | D:3      | Found a bloodstained altar of Trog.
  2739 | D:3      | Found a shimmering blue altar of Sif Muna.
  2741 | D:3      | Found a shimmering blue altar of Sif Muna.
  2741 | D:3      | Found a shimmering altar of Xom.
  2741 | D:3      | Found an iron altar of Okawaru.
  3022 | D:4      | Reached XP level 6. HP: 37/37 MP: 8/8
  3394 | D:4      | Reached skill level 7 in Long Blades
  3754 | D:4      | Noticed a phantom
  3783 | D:4      | Killed a phantom
  3784 | D:4      | Reached XP level 7. HP: 32/41 MP: 10/10
  4089 | D:5      | Entered Level 5 of the Dungeon
  4148 | D:5      | Killed from afar by an orc priest

Illustrated notes

Levels and vault maps discovered:
D:1:      dpeg_arrival_caged_fury, layout_loops_ring
D:2:      layout_loops_cross, grunt_qazlal_sundering,
          wander_ebering_terrifying_dragon_lair
D:3:      layout_rooms, gammafunk_ghost_cemetery, kennysheep_crisscross,
          doesnt_xom_only_xom
D:4:      layout_loops_ring, grunt_ministairs_4, st_stairs_11
D:5:      layout_cave_pools, serial_shops, shop_fountains,
          minmay_fractal_squares_diagonal_5

Skill      XL: |  1  2  3  4  5  6 |
---------------+-------------------+-----
Long Blades    | 3 4 5 6 7 |  7.7
Invocations    | 2 3 |  3.2
Fighting       | |  3.0
Armour         | |  2.1
Dodging        | |  1.1

Action                   |  1- 3 |  4- 6 |  7- 9 || total
-------------------------+-------+-------+-------++-------
Melee: Falchion          |    58 |   179 |    16 ||   253
       Kick              |    16 |    43 |     7 ||    66
       Peck              |     8 |    26 |     1 ||    35
 Abil: Fly               |       |     1 |       ||     1
  Use: Potion            |     4 |       |       ||     4
       Scroll            |       |     1 |     4 ||     5
 Stab: Sleeping          |     2 |     3 |       ||     5
Armor: Leather armour    |    14 |    20 |       ||    34
       Scale mail        |       |    13 |     5 ||    18
Dodge: Dodged            |    30 |    90 |    12 ||   132
       Rpst.: Falchion   |     6 |    26 |     5 ||    37
